 Dungeon Crawl Stone Soup version 0.29-a0-25-g7f48f510a0 (webtiles) character file.

Game seed: 1059431872784776492

199 shoop the Poker (level 5, -6/38 HPs)
             Began as a Merfolk Artificer on Feb 1, 2022.
             Killed by divine providence
             ... invoked by an orc priest
              (8 damage)
             ... on level 3 of the Dungeon.
             The game lasted 00:05:57 (3959 turns).

shoop the Poker (Merfolk Artificer)                 Turns: 3959, Time: 00:05:57

Health: -6/38      AC:  3    Str: 14    XL:     5   Next: 77%
Magic:  5/5        EV: 13    Int: 10    God:
Gold:   153        SH:  0    Dex: 15    Spells: 4/4 levels left

rFire   . . .      SeeInvis .   n - +0 quarterstaff
rCold   . . .      Faith    .   (shield currently unavailable)
rNeg    . . .      Spirit   .   b - +0 leather armour
rPois   .          Reflect  .   (no helmet)
rElec   .          Harm     .   (no cloak)
rCorr   .          Rampage  .   (no gloves)
Will    .....                   (no boots)
Stlth   ++........              (no amulet)
HPRegen 0.12/turn               (no ring)
MPRegen 0.09/turn               (no ring)

@: no status effects
A: (nimble swimmer 2), mertail
a: no special abilities


You were on level 3 of the Dungeon.
You visited 1 branch of the dungeon, and saw 4 of its levels.

You collected 153 gold pieces.

Inventory:

Hand Weapons
 a - a +0 club
 g - a +0 short sword
 n - a +0 quarterstaff (weapon)
Missiles
 t - 6 poisoned darts
Armour
 b - a +0 leather armour (worn)
Wands
 c - a wand of flame (3) (quivered)
 d - a wand of charming (14)
Scrolls
 h - 2 scrolls of teleportation {unknown}
 i - a scroll of vulnerability {unknown}
 k - a scroll of holy word {unknown}
 m - a scroll of identify {unknown}
 o - a scroll of amnesia {unknown}
 q - 2 scrolls of immolation {unknown}
 s - a scroll of silence {unknown}
Potions
 f - 4 potions of curing {unknown}
 j - a potion of berserk rage {unknown}
 l - a potion of haste {unknown}
 p - a potion of cancellation {unknown}
 r - a potion of degeneration {unknown}
 u - a potion of flight {unknown}
Miscellaneous
 e - a piece from Xom's chessboard (13/15)


   Skills:
 - Level 2.1 Fighting
 + Level 3.7 Polearms
 + Level 1.7 Throwing
 - Level 1.4 Armour
 - Level 3.5 Dodging
 - Level 2.3 Stealth
 - Level 3.5 Evocations


You had 4 spell levels left.
You didn't know any spells.
Your spell library contained the following spells:

 Spells                   Type           Power      Damage    Failure   Level
 Static Discharge         Conj/Air       0%         N/A       56%         2
 Lightning Bolt           Conj/Air       0%         1d11      100%        5
 Maxwell's Capacitive Co  Air            0%         ∞         100%        8


Dungeon Overview and Level Annotations

Branches:
Dungeon (4/15)
 Temple: D:4-7

Altars:


Innate Abilities, Weirdness & Mutations

((You are very nimble when in or above water. (Stealth+, EV+, Speed+++)))
Your lower body shifts to a powerful aquatic tail in water.


Message History

Found a fuming red potion and a scroll labelled BENAQE XASCHYPP.
Found a stone staircase leading down.
There is a stone staircase leading up, spattered with blood here.
The orc shouts!
You hear an angry hiss.
The orc hits you with a +0 club. The orc priest misses you.
The orc barely misses you.
You climb upwards.
There is a stone staircase leading down here.
You hit the orc priest but do no damage.
The orc hits you with a +0 club. The orc priest barely misses you.
The orc misses you. The orc hits you but does no damage.
The orc priest closely misses you. The orc misses you.
You barely miss the orc priest. The orc hits you with a +0 club.
The orc priest hits you but does no damage.
The orc misses you.
You closely miss the orc priest. The orc closely misses you.
The orc priest barely misses you. The orc hits you with a +0 club.
You closely miss the orc priest. The orc hits you with a +0 club.
The orc priest mumbles some strange prayers to Beogh against you.
Beogh smites you! The orc completely misses you.
You hit the orc priest.
The orc priest is lightly wounded.
The orc hits you with a +0 club.
The orc priest hits you with a +0 dagger.
The orc misses you. The orc hits you but does no damage.
Aiming: Charm
Press: ? - help, Shift-Dir - straight line, f - orc
Aim: an orc, wielding a +0 club (chance to affect: 74%)
The orc is charmed.
The orc priest mumbles some strange prayers to Beogh against you.
Beogh smites you!
* * * LOW HITPOINT WARNING * * *
The orc hits you but does no damage.
You swap places.
The orc priest hits your orc with a +0 dagger.
The orc closely misses your orc. The orc priest closely misses your orc.
The orc priest calls down the wrath of Beogh upon you.
Beogh smites you!
You die...

######### ##########
#####.......# #o.......#
.......####.# #>######.#
#####.<# #.# #o# #.# #
###..####.###o#### #.######### #
#.............@..# #.#.......# #
#.#..####.###....###.#.#####.#
###.#.......##....#.##.#....##.#
.......########..###...#....##.#
###.#### #.## ##..........#
##.## ##.###.#...<.###.# ##...##
#..#.##.....# #.# #.....#
##'#.###.....###.# #..>..#
##...## ####......#


You could see an orc priest, an orc and a friendly orc (charmed).

Vanquished Creatures
  A scorpion (D:3)
  7 adders
  3 worms (D:2)
  4 bats
  7 endoplasms
  A giant cockroach (D:2)
  9 hobgoblins
  5 jackals
  6 kobolds
  2 quokkas (D:3)
  5 ball pythons
  4 frilled lizards
  9 goblins
  4 rats
67 creatures vanquished.

Notes
Turn   | Place    | Note
-------+----------+-------------------------------------------
     0 | D:1      | shoop the Merfolk Artificer began the quest for the Orb.
     0 | D:1      | Reached XP level 1. HP: 15/15 MP: 1/1
   292 | D:1      | Reached XP level 2. HP: 21/21 MP: 2/2
   532 | D:1      | Reached skill level 1 in Armour
   730 | D:1      | Found a faded altar of an unknown god.
  1015 | D:1      | Reached XP level 3. HP: 18/26 MP: 3/3
  1495 | D:2      | Reached XP level 4. HP: 33/33 MP: 4/4
  2284 | D:2      | Reached skill level 1 in Polearms
  2854 | D:3      | Reached XP level 5. HP: 38/38 MP: 5/5
  3350 | D:3      | Reached skill level 1 in Throwing
  3959 | D:3      | Killed from afar by an orc priest

Illustrated notes

Levels and vault maps discovered:
D:1:      roderic_chinese_lattice_arrival, layout_basic,
          chequers_ecumenical_altar_lobes
D:2:      layout_basic
D:3:      layout_loops_corners, serial_bayou_pond_e
D:4:      layout_basic, lemuel_crystal_altar, st_stairs_13,
          uniq_crazy_yiuf_cottage

Skill      XL: |  1  2  3  4  5 |
---------------+----------------+-----
Dodging        | 3 |  3.5
Armour         | 1 |  1.4
Stealth        | 2 |  2.3
Fighting       | 2 |  2.1
Polearms       | 2 3 |  3.7
Throwing       | 1 |  1.7
Evocations     | |  3.5

Action                   |  1- 3 |  4- 6 || total
-------------------------+-------+-------++-------
Melee: Short sword       |    81 |    57 ||   138
       Club              |     7 |       ||     7
       Quarterstaff      |       |    67 ||    67
       Punch             |       |     2 ||     2
       Tailslap          |       |     1 ||     1
Throw: Dart              |       |     6 ||     6
Evoke: Piece from Xom's  |     4 |     5 ||     9
       Wand              |     6 |     7 ||    13
 Stab: Sleeping          |     3 |       ||     3
       Paralysed         |       |     2 ||     2
Armor: Leather armour    |    29 |    30 ||    59
Dodge: Dodged            |    47 |    89 ||   136

Table legend: (Time is in decaauts)
 A = Elapsed time spent in this place.
 B = Non-inter-level travel time spent in this place.
 C = Inter-level travel time spent in this place.
 D = Time resting spent in this place.
 E = Time spent auto-exploring this place.
 F = Levels seen in this place.
 G = Mean time per level.
                   A        B        C        D        E       F      G
               +--------+--------+--------+--------+--------+-----+--------+
         Total |   3991 |   3838 |    153 |     77 |   3083 |   4 |  997.8 |
       Dungeon |   3991 |   3838 |    153 |     77 |   3083 |   4 |  997.8 |
               +--------+--------+--------+--------+--------+-----+--------+

Top non-repeatable levels by time:
     D:2: 1439 daAuts
     D:1: 1361 daAuts
     D:3: 1174 daAuts
     D:4: 16 daAuts
